 Dungeon Sprint DCSS version 0.19.4-10-g532645f (webtiles) character file.

7 equalderp2856 the Scratcher (level 1, 0/10 HPs)
             Began as a Felid Fighter on Feb 24, 2017.
             Was an Initiate of Gozag.
             Slain by a phantom (8 damage)
             ... in the Dungeon (Sprint VII: "The Pits").
             The game lasted 00:00:31 (201 turns).

equalderp2856 the Scratcher (Felid Fighter)          Turns: 201, Time: 00:00:32

Health: 0/10       AC:  1    Str: 12    XL:     1   Next: 91%
Magic:  2/2        EV: 20    Int:  9    God:    Gozag
Gold:   216        SH:  0    Dex: 15    Spells: 0 memorised, 0 levels left
                                        Lives:  0   Deaths: 0

rFire  . . .     SeeInvis +       - Unarmed
rCold  . . .     Gourm    .     (armour unavailable)
rNeg   . . .     Faith    .     (shield unavailable)
rPois  .         Spirit   .     (helmet unavailable)
rElec  .         Reflect  .     (cloak unavailable)
rCorr  .         Harm     .     (gloves unavailable)
MR     .....     NoTele   +     (boots unavailable)
Stlth  ++........               (no amulet)
                                (no ring)
                                (no ring)

@: gold aura, quick
A: no armour, no weapons or thrown items, stealth, claws 1, fangs 3, see
invisible, carnivore 3, speed 1, shaggy fur 1, slow metabolism 1, sharp paws
a: Potion Petition, Call Merchant, Bribe Branch, Renounce Religion


You were in the Dungeon.
You worshipped Gozag.
Gozag was aware of your devotion.
You were not hungry.

You visited 1 branch You collected 216 gold pieces.

Inventory:

Scrolls
 h - a scroll of blinking
 j - 3 scrolls of remove curse
 k - 5 scrolls of amnesia
 l - a scroll of summoning
Potions
 a - a potion of might
 c - a potion of curing
 d - a potion of heal wounds
 e - a potion of haste
 f - 4 potions of magic
 g - 3 potions of berserk rage
 i - 2 potions of invisibility
Comestibles
 b - 8 meat rations


   Skills:
 + Level 3.4 Fighting
 + Level 4.6 Dodging
 + Level 5.0 Unarmed Combat


You couldn't memorise any spells.
You didn't know any spells.

Dungeon Overview and Level Annotations

Branches:
Dungeon (1/1)

Altars:
Ashenzari
Cheibriados
Dithmenos
Elyvilon
Fedhas
Gozag
Hepliaklqana
Kikubaaqudgha
Makhleb
Nemelex Xobeh
Okawaru
Qazlal
Ru
Sif Muna
Trog
Uskayaw
Vehumet
Xom
Yredelemnul
Zin
The Shining One
Beogh
Jiyva
Lugonu


Innate Abilities, Weirdness & Mutations

You cannot wear armour.
You are incapable of wielding weapons or throwing items.
Your paws allow you to move quietly. (Stealth)
You have sharp claws.
You have razor-sharp teeth.
You have supernaturally acute eyesight. (SInv)
You are carnivorous and can eat meat at any time.
You cover ground quickly.
You are covered in fur. (AC +1)
You have a slow metabolism.
Your sharp claws are effective at attacking unaware monsters.


Message History

There is an open door here.
You scratch the rat but do no damage.
The floating eye turns its gaze towards you.
The rat bites you.
There is an open door here.
You see here a whip.
You scratch the rat but do no damage. The rat closely misses you.
You closely miss the rat. You closely miss the rat.
The rat completely misses you.
You scratch the rat.
You kill the rat!
You completely miss the phantom.
The phantom blinks!
Things that are here:
72 gold pieces; a whip You scratch the phantom.
The phantom is lightly damaged.
The phantom hits you!
Ouch! That really hurt!
You die...
Your body crumbles into a pile of gold.

#__________#
#__________#
#____#####'###########++
######)))#.##...........
#%?(.')))'.##......#..#.
##########.##...........
#...........'(...(......
#+#####'#####......#..#.
#..@W.##...........
#####'#####'#####++
#.....##.......#
#.....##.......#
###'####.......#
#..W..##...<...#
........##.......#
#..J.....##.......#
###########.......#


You could see a phantom.

Vanquished Creatures
  A leopard gecko (D)
  A bat (D)
  2 kobolds (D)
  2 rats (D)
6 creatures vanquished.

Notes
Turn   | Place    | Note
-------+----------+-------------------------------------------
     0 | D        | equalderp2856 the Felid Fighter began the quest for the Orb.
     0 | D        | Reached XP level 1. HP: 10/10 MP: 2/2
    23 | D        | Found a radiant altar of Vehumet.
    23 | D        | Found a hide-covered altar of Uskayaw.
    23 | D        | Found an ancient bone altar of Kikubaaqudgha.
    23 | D        | Found a viscous altar of Jiyva.
    23 | D        | Found a hazy altar of Hepliaklqana.
    24 | D        | Found a bloodstained altar of Trog.
    24 | D        | Found a deep blue altar of Sif Muna.
    24 | D        | Found a sacrificial altar of Ru.
    24 | D        | Found a stormy altar of Qazlal.
    24 | D        | Found an iron altar of Okawaru.
    24 | D        | Found a sparkling altar of Nemelex Xobeh.
    24 | D        | Found an opulent altar of Gozag.
    24 | D        | Found a blossoming altar of Fedhas.
    24 | D        | Found a white marble altar of Elyvilon.
    24 | D        | Found a shadowy altar of Dithmenos.
    24 | D        | Found a snail-covered altar of Cheibriados.
    25 | D        | Found a glowing golden altar of the Shining One.
    25 | D        | Found a glowing silver altar of Zin.
    27 | D        | Found a roughly hewn altar of Beogh.
    27 | D        | Found a burning altar of Makhleb.
    27 | D        | Found a basalt altar of Yredelemnul.
    28 | D        | Found a shattered altar of Ashenzari.
    28 | D        | Found a corrupted altar of Lugonu.
    28 | D        | Found a shimmering altar of Xom.
    30 | D        | Became a worshipper of Gozag Ym Sagoz the Greedy
    88 | D        | Reached skill level 5 in Unarmed Combat
   185 | D        | Noticed a floating eye
   185 | D        | Noticed a phantom
   201 | D        | Slain by a phantom

Skill      XL: |  1 |
---------------+----+-----
Unarmed Combat | 5 |  5.0
Fighting       | |  3.4
Dodging        | |  4.6

Action                   || total
-------------------------++-------
Melee: Unarmed           ||    15
       Bite              ||     1
 Stab: Sleeping          ||     1
Dodge: Dodged            ||     6
